 Dungeon Crawl Stone Soup version 0.21.1-1-g345015f (webtiles) character file.

2504 Opti87 the Cleaver (level 9, -8/84 HPs)
             Began as a Hill Orc Monk on May 11, 2018.
             Was a Believer of Beogh.
             Mangled by a skeletal warrior
             ... wielding a +0 flail
              (20 damage)
             ... on level 9 of the Dungeon.
             The game lasted 00:28:13 (6572 turns).

Opti87 the Cleaver (Hill Orc Monk)                  Turns: 6572, Time: 00:28:14

Health: -8/84      AC:  9    Str: 17    XL:     9   Next: 53%
Magic:  18/18      EV: 11    Int: 10    God:    Beogh [**....]
Gold:   299        SH:  0    Dex: 13    Spells: 8/8 levels left

rFire    + . .     SeeInvis +   v - +3 war axe (chop)
rCold    . . .     Gourm    .   (no shield)
rNeg     . . .     Faith    .   z - +1 ring mail {rF+}
rPois    .         Spirit   .   (no helmet)
rElec    .         Reflect  .   (no cloak)
rCorr    .         Harm     .   q - +0 pair of gloves
MR       .....                  (no boots)
Stlth    +.........             C - amulet of magic regeneration
HPRegen  0.24/turn              o - ring of magical power
MPRegen  0.41/turn              A - ring of see invisible

@: no status effects
A: no striking features
a: Smiting, Renounce Religion


You were on level 9 of the Dungeon.
You worshipped Beogh.
Beogh was pleased with you.
You were not hungry.

You visited 1 branch of the dungeon, and saw 9 of its levels.

You collected 299 gold pieces.

Inventory:

Hand Weapons
 a - a +0 hand axe
 i - a +1 hunting sling of velocity
 v - a +3 war axe of chopping (weapon)
 w - a +4 hand axe
Armour
 b - a +0 robe
 p - a +0 leather armour
 q - a +0 pair of gloves (worn)
 r - a +0 scale mail
 y - a +0 ring mail
 z - a +1 ring mail of fire resistance (worn)
 F - a +0 pair of gloves
Jewellery
 o - a ring of magical power (left hand)
 A - a ring of see invisible (right hand)
 C - an amulet of magic regeneration (around neck)
Wands
 u - a wand of digging (16)
 x - a wand of flame (29)
Scrolls
 e - 17 scrolls of identify {@r1}
 g - 2 scrolls of teleportation
 j - 3 scrolls of enchant weapon {unknown}
 k - 2 scrolls of fog
 l - a scroll of blinking {unknown}
 m - 3 scrolls of enchant armour {unknown}
 n - 6 scrolls of remove curse {@r2}
 B - a scroll of noise {unknown}
 D - a scroll of amnesia {unknown}
 E - a scroll of magic mapping {unknown}
 G - a scroll of immolation {unknown}
Potions
 d - 5 potions of curing {unknown}
 f - 3 potions of flight {unknown}
 h - 2 potions of berserk rage {unknown}
 s - a potion of lignification {unknown}
 t - 4 potions of heal wounds {unknown}
Comestibles
 c - 13 rations


   Skills:
 + Level 9.4 Fighting
 + Level 10.2 Axes
 + Level 7.8 Armour
 - Level 2.4 Dodging
 - Level 1.5 Stealth


You had 8 spell levels left.
You didn't know any spells.

Dungeon Overview and Level Annotations

Branches:
Dungeon (10/15)
 Temple: D:4-7         Lair: D:8-11         Orc: D:9-12

Altars:
Fedhas
Kikubaaqudgha
Makhleb
Nemelex Xobeh
Sif Muna
Trog
Uskayaw
Wu Jian
Xom
Yredelemnul
Zin

Shops:
D:9 =

Annotations:
D:9 3 transporters


Message History

The mummy is moderately damaged.
The mummy closely misses you.
You hit the mummy.
The mummy is heavily damaged.
You slash the mummy!
The skeletal warrior closely misses you.
You slash the mummy!
You destroy the mummy!
Beogh accepts your kill.
You hit the mummy. You barely miss the skeletal warrior. The mummy hits you!
You barely miss the skeletal warrior. You hit the mummy.
You destroy the mummy!
Beogh accepts your kill. The skeletal warrior barely misses you.
You hit the skeletal warrior but do no damage.
The skeletal warrior hits you with a flail!!
* * * LOW HITPOINT WARNING * * *
You hit the skeletal warrior but do no damage.
The skeletal warrior hits you with a flail!!
You die...

############## #...........[.
#.############ #.#...@.......
#.#....z.....% #.#$.###.###.$
#.#..# .# _#. ...#... . [#.. ###
....©#..? .. ⌠#©.. #..
##....#.... ... $#... #.#
....##.....#..#8 .#8#._#.#.###.#
....#......#..###.###.$#.....#.#


You could see a skeletal warrior.

Vanquished Creatures
  A centaur skeleton (D:10)
  A wraith (D:10)
  A wyvern (D:6)
  An ice beast (D:6)
  6 ogres
  A centaur (D:6)
  2 bullfrogs (D:6)
  2 killer bees (D:6)
  3 howler monkeys
  3 crimson imps
  3 bullfrog zombies (D:5)
  A centaur zombie (D:6)
  A bullfrog skeleton (D:5)
  A jelly (D:6)
  2 hounds
  An orc priest (D:9)
  3 orc wizards
  3 iguanas
  5 worker ants
  A hound zombie (D:7)
  A hound skeleton (D:4)
  2 mummies (D:9)
  A howler monkey zombie (D:5)
  A worker ant zombie (D:5)
  7 gnolls
  6 adders
  A shadow imp (D:5)
  An ooze (D:6)
  3 adder zombies
  3 adder skeletons
  2 worms
  A dart slug (D:4)
  3 leopard geckos
  13 orcs
  3 giant cockroaches
  6 goblins
  7 hobgoblins
  5 jackals
  6 kobolds
  4 quokkas
  A ball python (D:6)
  6 bats
  6 frilled lizards
  A giant cockroach zombie (D:6)
  A jackal skeleton (D:4)
  A quokka zombie (D:5)
  4 rats (D:1)
138 creatures vanquished.

Vanquished Creatures (others)
  An orc priest (D:10)
  2 orcs (D:10)
  A withered plant (D:5)
4 creatures vanquished.

Grand Total: 142 creatures vanquished

Notes
Turn   | Place    | Note
-------+----------+-------------------------------------------
     0 | D:1      | Opti87 the Hill Orc Monk began the quest for the Orb.
     0 | D:1      | Reached XP level 1. HP: 19/19 MP: 1/1
    88 | D:1      | Reached XP level 2. HP: 19/27 MP: 2/2
   251 | D:1      | Reached skill level 1 in Armour
   817 | D:2      | Reached XP level 3. HP: 11/33 MP: 3/3
  2015 | D:3      | Reached XP level 4. HP: 41/41 MP: 4/4
  2190 | D:3      | Found a sparkling altar of Nemelex Xobeh.
  2401 | D:4      | Reached skill level 5 in Axes
  2561 | D:4      | Reached XP level 5. HP: 45/47 MP: 5/5
  2579 | D:4      | Found a hide-covered altar of Uskayaw.
  2585 | D:4      | Noticed an ogre
  2603 | D:4      | Killed an ogre
  2603 | D:4      | Reached skill level 5 in Fighting
  2774 | D:4      | Reached XP level 6. HP: 56/56 MP: 6/6
  2779 | D:4      | Reached skill level 6 in Axes
  3439 | D:4      | Reached XP level 7. HP: 63/63 MP: 7/7
  3511 | D:5      | Entered Level 5 of the Dungeon
  3540 | D:5      | Reached skill level 7 in Axes
  3843 | D:5      | Reached skill level 5 in Armour
  4049 | D:5      | Reached XP level 8. HP: 71/73 MP: 8/8
  4207 | D:5      | Reached skill level 8 in Axes
  4299 | D:5      | Found a burning altar of Makhleb.
  4304 | D:5      | Found a shimmering altar of Xom.
  4627 | D:6      | Noticed a wyvern
  4635 | D:6      | Killed a wyvern
  4793 | D:6      | Reached skill level 9 in Axes
  4887 | D:6      | Found a blossoming altar of Fedhas.
  4904 | D:6      | Reached XP level 9. HP: 73/82 MP: 9/9
  5178 | D:6      | Found an ornate altar of the Wu Jian Council.
  5425 | D:6      | Found a bloodstained altar of Trog.
  6086 | D:7      | You fall through a shaft for 3 floors!
  6086 | D:10     | Entered Level 10 of the Dungeon
  6173 | D:10     | Became a worshipper of Beogh the Brigand
  6173 | D:10     | Reached * piety under Beogh
  6173 | D:10     | Reached ** piety under Beogh
  6401 | D:10     | Reached skill level 10 in Axes
  6405 | D:9      | Found a deep blue altar of Sif Muna.
  6406 | D:9      | Noticed a manticore
  6406 | D:9      | Noticed a sphinx
  6408 | D:9      | Found a transporter.
  6427 | D:9      | Found a glowing silver altar of Zin.
  6471 | D:9      | Found a basalt altar of Yredelemnul.
  6471 | D:9      | Found an ancient bone altar of Kikubaaqudgha.
  6473 | D:9      | Found Piuddan's Jewellery Shop.
  6504 | D:9      | Found a transporter.
  6562 | D:9      | Found a transporter.
  6563 | D:9      | Noticed a skeletal warrior
  6572 | D:9      | Mangled by a skeletal warrior

Skill      XL: |  1  2  3  4  5  6  7  8  9 |
---------------+----------------------------+-----
Armour         | 1 2 3 4 5 6 7 |  7.8
Fighting       | 4 5 6 7 8 9 |  9.4
Axes           | 5 6 7 9 10 | 10.2
Dodging        | |  2.4
Stealth        | |  1.5

Action                   |  1- 3 |  4- 6 |  7- 9 || total
-------------------------+-------+-------+-------++-------
Melee: Hand axe          |   145 |       |       ||   145
       War axe           |     5 |    64 |   212 ||   281
Invok: Smiting           |       |       |     1 ||     1
       Convert to Beogh  |       |       |     1 ||     1
Evoke: Wand              |       |     1 |     1 ||     2
  Use: Scroll            |     2 |       |     4 ||     6
 Stab: Sleeping          |     3 |       |       ||     3
       Invisible         |       |       |     1 ||     1
  Eat: Chunk             |     4 |     4 |     3 ||    11
       Ration            |       |       |     2 ||     2
Armor: Robe              |    15 |       |       ||    15
       Scale mail        |    31 |    29 |    17 ||    77
       Ring mail         |       |       |    88 ||    88
Dodge: Dodged            |    98 |    32 |   123 ||   253
